 Dungeon Crawl Stone Soup version 0.31-a0-43-g46d131a48f (webtiles) character file.

Game seed: 15891879283682272618

38222 ytrimaz the Transmogrifier (level 13, -80/176 HPs)
             Began as a Troll Transmuter on May 16, 2023.
             Was a Priest of Ashenzari.
             Annihilated by a titanic slime creature (82 damage)
             ... on level 15 of the Dungeon on May 18, 2023.
             The game lasted 00:27:46 (16016 turns).

ytrimaz the Transmogrifier (Troll Transmuter)      Turns: 16016, Time: 00:27:47

Health: -80/176    AC: 27    Str: 21    XL:     13   Next: 62%
Magic:  17/21      EV: 12    Int: 13    God:    Ashenzari [***...]
Gold:   2111       SH:  0    Dex: 16    Spells: 10/24 levels left

rFire   + .          .
                       - Unarmed
rCold   . . .        (no shield)
rNeg    + . .        y - melded +5 steam dragon scales "Gaze Upon Infinity" {Melee, Evo} (curse)
rPois   ∞            (helmet restricted)
rElec   +            h - +2 cloak of the Cursed Comet {Self, Alch} (curse)
rCorr   .            (gloves unavailable)
SInv    +            (boots unavailable)
Will    .....        E - amulet of Ashenzari's Affliction {Regen+, Elem, Melee} (curse)
Stlth   +            l - +6 ring of dexterity
HPRegen 2.09/turn    c - ring "Chained Together" {rF+, Fort, Alch} (curse)
MPRegen 0.17/turn

%: clarity
@: statue-form, very slow
A: slow and powerful, torment resistance 1, boosted hp, large, unfitting armour,
claws 3, regeneration 1, (shaggy fur 1), (tough skin 1)
a: End Transformation, Renounce Religion, Curse Item, Shatter the Chains


You were on level 15 of the Dungeon.
You worshipped Ashenzari.
Ashenzari was most pleased with you.
You were a living statue of rough stone.
You visited 3 branches of the dungeon, and saw 18 of its levels.
You visited 1 bazaar.
You also visited: Sewer and Bailey.

You collected 3889 gold pieces.
You spent 1778 gold pieces at shops.


Innate Abilities, Weirdness & Mutations

You are a living statue of rough stone.
Your actions are slow, but your melee attacks are powerful.
You are resistant to unholy torment.
Your maximum health is greatly increased.
You are immune to poison.
Your equipment is partially melded.
You are too large for most types of armour.
You have claws for hands.
Your natural rate of healing is unusually fast.
((You are covered in fur. (AC +1)))
((You have tough skin. (AC +1)))


   Skills:
 - Level 9.3(10.8) Fighting
 - Level 4.1(5.5) Armour
 + Level 5.8 Dodging
 - Level 9.5(11.0) Unarmed Combat
 - Level 4.7(6.1) Spellcasting
 - Level 9.9(12.1) Transmutations
 * Level 9.2(10.7) Earth Magic


You had 10 spell levels left.
You knew the following spells:

 Your Spells              Type           Power      Damage    Failure   Level
a - Beastly Appendage     Tmut           70%        N/A       1%          1
b - Wereblood             Tmut           35%        N/A       1%          2
c - Statue Form           Tmut/Erth      22%        N/A       24%         6
d - Irradiate             Conj/Tmut      9%         3d14      36%         5

Your spell library contained the following spells:

 Spells                   Type           Power      Damage    Failure   Level
 Sting                    Tmut/Pois      80%        1d7       1%          1
 Spider Form              Tmut/Pois      20%        N/A       3%          3
 Blade Hands              Tmut           17%        N/A       3%          5
 Lee's Rapid Deconstruct  Erth           15%        3d10*     5%          5
 Ice Form                 Ice/Tmut       20%        N/A       13%         4
 Slow                     Hex            16%        N/A       17%         1
 Summon Small Mammal      Summ           16%        N/A       17%         1
 Leda's Liquefaction      Hex/Erth       8%         N/A       19%         4
 Poisonous Vapours        Pois/Air       8%         N/A       22%         2
 Yara's Violent Unravell  Hex/Tmut       9%         3d6       36%         5
 Hailstorm                Conj/Ice       4%         3d4       43%         3
 Call Canine Familiar     Summ           4%         N/A       45%         3
 Confusing Touch          Hex            4%         N/A       45%         3
 Summon Guardian Golem    Hex/Summ       4%         N/A       45%         3
 Tukima's Dance           Hex            4%         N/A       45%         3
 Vampiric Draining        Necr           4%         2d6       45%         3
 Dragon Form              Tmut           17%        N/A       67%         7
 Olgreb's Toxic Radiance  Pois           4%         N/A       83%         4
 Passage of Golubria      Tloc           4%         N/A       86%         4
 Simulacrum               Ice/Necr       2%         N/A       100%        6

Inventory:

Armour
 h - the cursed +2 cloak of the Cursed Comet (worn) {Self, Alch}
   (You found it on level 2 of the Dungeon)

   It has a curse which improves the following skills: Introspection: Fighting
   and Spellcasting.
   Alchemy:   Poison Magic and Transmutations.
 w - a +1 robe of willpower
   (You took it off Dowan on level 5 of the Dungeon)
 y - the cursed +5 steam dragon scales "Gaze Upon Infinity" (melded) {Melee, Evo}
   (You took it off Maggie on level 7 of the Dungeon)

   It has a curse which improves the following skills: Melee Combat: Short
   Blades, Long Blades, Axes, Maces & Flails, Polearms, Staves and Unarmed
   Combat.
   Evocations: Evocations.
Jewellery
 c - the cursed ring "Chained Together" (right claw) {rF+, Fort, Alch}
   (You found it on level 4 of the Dungeon)

   [ring of protection from fire]

   rF:        It protects you from fire.
   It has a curse which improves the following skills: Fortitude: Armour and
   Shields.
   Alchemy:   Poison Magic and Transmutations.
 g - a ring of willpower
   (You found it on level 5 of the Dungeon)
 l - a +6 ring of dexterity (left claw)
   (You found it on level 3 of the Dungeon)
 E - the cursed amulet of Ashenzari's Affliction (around neck) {Regen+, Elem, Melee}
   (You found it on level 10 of the Dungeon)

   [amulet of regeneration]

   Regen:     It increases your rate of health regeneration.
   It has a curse which improves the following skills: Elements: Fire Magic, Ice
   Magic, Air Magic and Earth Magic.
   Melee Combat: Short Blades, Long Blades, Axes, Maces & Flails, Polearms,
   Staves and Unarmed Combat.
 G - the amulet "Feahih" {RegenMP rPois rN+ Will- Int+4}
   (You bought it in a shop on level 11 of the Dungeon)

   [amulet of magic regeneration]

   It increases your rate of magic regeneration.
   Int:       It affects your intelligence (+4).
   rPois:     It protects you from poison.
   rN:        It protects you from negative energy.
   Will:      It decreases your willpower.
 H - an amulet of reflection
   (You found it on level 11 of the Dungeon)
Wands
 j - a wand of roots (15)
   (You took it off Ijyb on level 3 of the Dungeon)
 n - a wand of flame (24)
   (You found it on level 3 of the Dungeon)
 t - a wand of paralysis (23)
   (You found it on level 4 of the Dungeon)
 F - a wand of polymorph (5)
   (You found it on level 11 of the Dungeon)
Scrolls
 a - 5 scrolls of magic mapping
 b - 3 scrolls of enchant weapon
 d - 8 scrolls of teleportation
 p - 3 scrolls of vulnerability
 s - 2 scrolls of fear
 u - 2 scrolls of fog
 v - 3 scrolls of blinking
 x - 8 scrolls of identify
 z - 2 scrolls of enchant armour
 B - 3 scrolls of butterflies
Potions
 e - 2 potions of invisibility
 f - 9 potions of curing
 i - 4 potions of attraction
 k - 3 potions of flight
 m - 2 potions of brilliance
 o - 5 potions of haste
 q - 9 potions of mutation
 r - a potion of cancellation
 C - a potion of might
 D - 3 potions of resistance
Miscellaneous
 A - a phantom mirror
   (You found it on level 13 of the Dungeon)

Dungeon Overview and Level Annotations

Branches:
Dungeon (15/15) Zot: 26257  Temple (1/1) D:5 Zot: 5960    Lair (0/5) D:8
    Orc (2/2) D:12 Zot: 10431     Elf (0/3) Orc:2        Vaults (0/5) D:13
  Sewer (visited)          Bailey (visited)
 Depths: D:15

Altars:
Ashenzari
Cheibriados
Dithmenos
Elyvilon
Fedhas
Gozag
Kikubaaqudgha
Makhleb
Okawaru
Qazlal
Sif Muna
Trog
Wu Jian
Yredelemnul
Zin
Jiyva

Shops:
D:9 *   D:10 !   D:11 =   Orc:2 *((!

Annotations:
D:4 2 runed translucent doors, Monarks's ghost, novice FoFi
D:7 1 runed translucent door, Crazy Yiuf
D:10 3 runed translucent doors, hgbash's ghost, journeyman MiBe
D:12 4 runed translucent doors

,*
##.....###.#
* ##....# #.#
*, ###### #.#
*, * #.# .##
* #.# * *
....** #.# ,
##...** #.#
*#.....####.#
......J8...#
,*
,#.....######
##... ##. ,
#, , , *


You could see a titanic slime creature.


Message History

😎 HP[-40] MP[+4]
You now have 136 max hp (-40).
Your mp is fully restored (21).
A polar bear is nearby!
Your movement speed is average.
Your attack delay is about 0.7.
Your damage rating with unarmed combat is about 30 (Base [9 + 11 (UC)] x 127% (Str) x 118% (Fight)).
Your base attributes are Str 21, Int 13, Dex 10.
Casting: Statue Form (dangerous; 24% risk of failure)
Confirm with . or Enter, or press ? or * to list all spells.
You turn into a living statue of rough stone.
The cursed +5 steam dragon scales "Gaze Upon Infinity" {Melee, Evo} melds into your body.
The polar bear growls angrily. 😎 HP[+40] MP[-6]
You now have 176 max hp (+40).
Your hp is fully restored (176).
You lost 6 mp, and now have 15/21 mp.
Unknown command.
You eviscerate the polar bear!!!
The polar bear goes berserk!
The polar bear bites you.
The polar bear claws you but does no damage.
The polar bear completely misses you. 😕 HP[-5] MP[+1]
You take 5 damage, and now have 171/176 hp.
You are a living statue of rough stone.
Your movement speed is very slow.
Your attack delay is about 1.1.
Your damage rating with unarmed combat is about 43 (Base [18 + 11 (UC)] x 127% (Str) x 118% (Fight)).
Your base attributes are Str 21, Int 13, Dex 10.
Unknown command.
You eviscerate the polar bear!!!
You kill the polar bear! 😕 HP[+3]
You regained 3 hp, and now have 174/176 hp. 😎 HP[+2]
Your hp is fully restored (176). 2 slime creatures come into view.
The slime creature quivers.
A slime creature comes into view. x2
Two slime creatures merge to form a large slime creature.
There are monsters nearby!
Unknown command. 😎 MP[+5]
Your mp is fully restored (21).
There are monsters nearby!
There are monsters nearby!
A slime creature comes into view.
The slime creature quivers. x2
Casting: Statue Form (dangerous; 24% risk of failure)
Confirm with . or Enter, or press ? or * to list all spells.
You extend your transformation's duration.
Two slime creatures merge to form a very large slime creature. 😎 MP[-6]
You lost 6 mp, and now have 15/21 mp.
Unknown command.
The very large slime creature hits you!
Two slime creatures merge to form an enormous slime creature.
Two slime creatures merge to form a titanic slime creature. 😕 HP[-11]
You take 11 damage, and now have 165/176 hp.
You scratch the titanic slime creature.
The titanic slime creature hits you! 😕 HP[-10]
You take 10 damage, and now have 155/176 hp.
Unknown command.
You claw the titanic slime creature!
The titanic slime creature hits you but does no damage. 😕 HP[+2] MP[+1]
You regained 2 hp, and now have 157/176 hp.
You completely miss the titanic slime creature.
The titanic slime creature hits you! 😕 HP[-10]
You take 10 damage, and now have 147/176 hp.
Unknown command.
You claw the titanic slime creature!
The titanic slime creature hits you but does no damage.
The titanic slime creature barely misses you. 😕 HP[+2]
You regained 2 hp, and now have 149/176 hp.
You eviscerate the titanic slime creature!!!
The titanic slime creature hits you! 😕 HP[-5]
You take 5 damage, and now have 144/176 hp.
You eviscerate the titanic slime creature!!!
The titanic slime creature hits you!!!
* * * LOW HITPOINT WARNING * * *
😨 HP[-58]
You take 58 damage, and now have 86/176 hp.
MASSIVE DAMAGE!! (PAUSE)
You mangle the titanic slime creature!! You claw the titanic slime creature!!
The titanic slime creature misses you. 😨 HP[+2] MP[+1]
You regained 2 hp, and now have 88/176 hp.
You completely miss the titanic slime creature.
The titanic slime creature closely misses you. 😮 HP[+3]
You regained 3 hp, and now have 91/176 hp.
Unknown command.
You eviscerate the titanic slime creature!!!
The titanic slime creature hits you!!!!
Ouch! That really hurt!
* * * LOW HITPOINT WARNING * * *
The titanic slime creature hits you!!!!
You die...

Skill      XL: |  1  2  3  4  5  6  7  8  9 10 11 12 13 |
---------------+----------------------------------------+-----
Unarmed Combat | 4 5 6 8 9 |  9.5
Spellcasting   | 2 3 4 |  4.7
Transmutations | 2 3 4 6 8 9 |  9.9
Fighting       | 2 5 7 9 |  9.3
Armour         | 4 |  4.1
Dodging        | 4 5 |  5.8
Earth Magic    | 5 9 |  9.2

Action                     |  1- 3 |  4- 6 |  7- 9 | 10-12 | 13-15 || total
---------------------------+-------+-------+-------+-------+-------++-------
  Melee: Unarmed           |   110 |   211 |   270 |   974 |   158 ||  1723
         Punch             |       |     3 |    19 |    67 |    15 ||   104
         Headbutt          |       |       |       |     3 |       ||     3
         Kick              |       |       |       |     2 |       ||     2
   Cast: Wereblood         |       |       |       |    14 |     1 ||    15
         Beastly Appendage |       |       |       |     1 |       ||     1
         Statue Form       |       |       |       |       |     9 ||     9
 Invoke: Curse Item        |       |       |     1 |     2 |     1 ||     4
    Use: Potion            |       |     3 |     2 |    14 |       ||    19
         Scroll            |       |    13 |     7 |     7 |       ||    27
   Stab: Sleeping          |     2 |       |     2 |       |       ||     4
         Invisible         |       |       |     1 |     9 |       ||    10
         Distracted        |       |       |       |     1 |       ||     1
 Armour: Robe              |    43 |    92 |    74 |       |       ||   209
         Skin              |       |     2 |       |       |    33 ||    35
         Steam dragon scal |       |       |    38 |   729 |    43 ||   810
  Dodge: Dodged            |    42 |   102 |   128 |   671 |    62 ||  1005

Levels and vault maps discovered:
D:1:      dpeg_arrival_prison, layout_rooms
D:2:      layout_basic, minmay_pentomino_s2
D:3:      layout_rooms, uniq_grinder, uniq_ijyb
D:4:      layout_rooms, ebering_ghost_disaster_area, gup_sewer_entry_bubbles
D:5:      layout_cave_pools, nicolae_gozag_cash_rules_everything_around_me,
          minmay_temple_entry_poolview, chequers_serial_rivers_micro_d,
          uniq_edmund, uniq_duvessa
D:6:      layout_gridville
D:7:      layout_gridville, uniq_joseph, uniq_maggie, uniq_crazy_yiuf_cottage
D:8:      layout_basic, kennysheep_little_box, kennysheep_mini_moat,
          hellmonk_lair_entry_icy, enter_bailey_8, minmay_statues_item
D:9:      layout_rooms, nicolae_alphabet_shops, hangedman_abyss_or_decor_slice
D:10:     layout_gridville, gammafunk_ghost_split, serial_shops,
          nicolae_shop_advertising_works [nicolae_subvault_shop_adworks],
          jiyva_altar_1
D:11:     layout_basic, serial_shops, nicolae_shop_waterfront, uniq_grum
D:12:     layout_layer_cave, erik_orc_1, minmay_statue_crystal_thing,
          uniq_azrael
D:13:     layout_roguey, erik_vaults_2, dreamdust_looks_like_rain
D:14:     layout_layer_cave, amethyst_killhole, hex_medium, kennysheep_path_1,
          yredelemnul_altar_generic
D:15:     grunt_enter_depths_magical_seal, layout_loops_ring,
          hangedman_decor_growths, serial_ice, serial_ice_f, serial_ice_a,
          serial_ice_e, serial_ice_g, serial_ice_l, serial_ice_d, serial_ice_c,
          serial_ice_n
Temple:   hellmonk_temple_of_storms
Orc:1:    layout_caves
Orc:2:    st_orc_mages, layout_caves, serial_shops, bzr_entry_water

Notes
Turn   | Place    | Note
-------+----------+-------------------------------------------
     0 | D:1      | ytrimaz the Troll Transmuter began the quest for the Orb.
     0 | D:1      | Reached XP level 1. HP: 18/18 MP: 1/1
     0 | D:1      | magus.rc [v1.9.6]
    81 | D:1      | Reached XP level 2. HP: 26/26 MP: 3/3
   110 | D:1      | You pick up a book of Callings and begin reading...
   110 | D:1      | You add the spells Summon Small Mammal, Call Canine
                  | Familiar and Summon Guardian Golem to your library.
   485 | D:2      | Reached XP level 3. HP: 32/32 MP: 4/4
   686 | D:2      | Learned a level 2 spell: Wereblood
   808 | D:2      | Reached skill level 4 in Unarmed Combat
  1100 | D:3      | You pick up a book of Debilitation and begin reading...
  1100 | D:3      | You add the spells Slow, Vampiric Draining and Confusing
                  | Touch to your library.
  1115 | D:3      | Reached XP level 4. HP: 39/40 MP: 5/5
  1184 | D:3      | Noticed Grinder
  1186 | D:3      | Paralysed by Grinder for 2 turns
  1198 | D:3      | HP: 5/40 [Grinder (6)]
  1203 | D:3      | Killed Grinder
  1204 | D:3      | Reached skill level 5 in Unarmed Combat
  1204 | D:3      | Reached skill level 2 in Spellcasting
  1204 | D:3      | Reached skill level 2 in Transmutations
  1204 | D:3      | Reached XP level 5. HP: 8/46 MP: 5/7
  1276 | D:3      | Identified the +0 short sword "Ireiwe Wata" {venom, rN+}
  1287 | D:3      | Reached XP level 6. HP: 54/54 MP: 8/8
  1347 | D:3      | Noticed Ijyb
  1357 | D:3      | Killed Ijyb
  1681 | D:3      | Identified a scroll of acquirement
  1681 | D:3      | Acquired 1142 gold pieces
  1960 | D:4      | Found a glowing drain.
  1970 | Sewer    | Entered a sewer
  2252 | Sewer    | Reached skill level 3 in Spellcasting
  2637 | D:4      | Reached skill level 3 in Transmutations
  2637 | D:4      | Reached XP level 7. HP: 60/61 MP: 10/10
  2734 | D:4      | Found a large runed translucent door.
  2913 | D:4      | You add the spells Sting, Poisonous Vapours and Olgreb's
                  | Toxic Radiance to your library.
  2921 | D:4      | Found a large runed translucent door.
  2925 | D:4      | Noticed Monarks's ghost (novice FoFi)
  2987 | D:5      | Entered Level 5 of the Dungeon
  3028 | D:5      | Reached skill level 6 in Unarmed Combat
  3143 | D:5      | Noticed Edmund
  3158 | D:5      | Killed Edmund
  3237 | D:5      | Found an opulent altar of Gozag.
  3352 | D:5      | Found a staircase to the Ecumenical Temple.
  3412 | D:5      | Noticed Dowan
  3413 | D:5      | Noticed Duvessa
  3438 | D:5      | Killed Duvessa
  3439 | D:5      | Reached XP level 8. HP: 46/68 MP: 12/12
  3483 | D:5      | Killed Dowan
  3767 | Temple   | Entered the Ecumenical Temple
  3785 | Temple   | Became a worshipper of Ashenzari the Shackled
  3857 | D:6      | Reached skill level 7 in Unarmed Combat
  4003 | D:6      | Reached skill level 4 in Spellcasting
  4573 | D:7      | Reached skill level 4 in Transmutations
  4605 | D:7      | You pick up a book of the Tundra and begin reading...
  4605 | D:7      | You add the spells Hailstorm and Simulacrum to your
                  | library.
  4667 | D:7      | Reached skill level 8 in Unarmed Combat
  4796 | D:7      | Noticed Joseph
  4809 | D:7      | Reached skill level 1 in Fighting
  4818 | D:7      | Killed Joseph
  4819 | D:7      | Reached skill level 2 in Fighting
  4819 | D:7      | Reached XP level 9. HP: 28/80 MP: 15/15
  5043 | D:7      | Reached skill level 5 in Transmutations
  5064 | D:7      | Reached skill level 3 in Fighting
  5187 | D:7      | Found a runed translucent door.
  5188 | D:7      | Noticed Crazy Yiuf
  5265 | D:7      | Noticed Maggie
  5276 | D:7      | Killed Maggie
  5533 | D:8      | Reached skill level 4 in Fighting
  5639 | D:8      | Found a staircase to the Lair.
  5639 | D:8      | Noticed a polar bear
  5639 | D:8      | Noticed a rime drake
  5670 | D:8      | Killed a polar bear
  5671 | D:8      | Reached skill level 6 in Transmutations
  5696 | D:8      | Reached skill level 5 in Fighting
  5737 | D:8      | Reached XP level 10. HP: 96/96 MP: 16/16
  5796 | D:8      | Reached * piety under Ashenzari
  5812 | D:8      | Found a flagged portal.
  5917 | Bailey   | Entered a bailey
  5922 | Bailey   | Noticed an orc warlord
  5958 | Bailey   | Noticed an orc knight
  5979 | Bailey   | Killed an orc knight
  5987 | Bailey   | HP: 21/100 [orc warrior/+0 broad axe (12)]
  5989 | Bailey   | HP: 9/100 [orc warrior/+0 broad axe (10)]
  6013 | Bailey   | Found a runed translucent gate.
  6013 | Bailey   | Found a runed translucent gate.
  6013 | Bailey   | Found a runed translucent gate.
  6247 | Bailey   | Killed an orc warlord
  6248 | Bailey   | Reached skill level 6 in Fighting
  6248 | Bailey   | Reached skill level 7 in Transmutations
  6420 | D:8      | Identified the +7 war axe "Gawig" {flame, rF+ Int-4 Dex+5}
  6871 | D:8      | Reached skill level 7 in Fighting
  6935 | D:8      | Found a burning altar of Makhleb.
  6991 | D:8      | Found a stormy altar of Qazlal.
  7084 | D:9      | Reached skill level 8 in Transmutations
  7113 | D:9      | Found Geshum's Goods Gallery.
  7273 | D:9      | Reached XP level 11. HP: 99/105 MP: 18/18
  7572 | D:10     | Entered Level 10 of the Dungeon
  7621 | D:10     | Noticed a two-headed ogre
  7628 | D:10     | Killed a two-headed ogre
  7660 | D:10     | Found a viscous altar of Jiyva.
  7777 | D:10     | Reached skill level 8 in Fighting
  7794 | D:10     | Noticed a two-headed ogre
  7796 | D:10     | Found a runed translucent gate.
  7796 | D:10     | Found a runed translucent gate.
  7796 | D:10     | Found a runed translucent gate.
  7800 | D:10     | Noticed an eight-headed hydra
  7801 | D:10     | Noticed hgbash's ghost (journeyman MiBe)
  8147 | D:10     | Identified the +1 hammer "Sumaonk" {spect, Will+}
  8162 | D:10     | Found Obritsuh's Distillery.
  8170 | D:10     | Bought a potion of heal wounds for 65 gold pieces
  8170 | D:10     | Bought a potion of heal wounds for 65 gold pieces
  8452 | D:11     | Noticed Grum
  8471 | D:11     | Killed Grum
  8880 | D:11     | Found Omyorur's Jewellery Shop.
  8884 | D:11     | You fall into a shaft and drop 1 floor!
  8948 | D:12     | Found a runed translucent door.
  8958 | D:12     | Found a runed translucent door.
  8958 | D:12     | Noticed Azrael
  9072 | D:12     | Reached skill level 9 in Fighting
  9072 | D:12     | Noticed a deep elf pyromancer
  9085 | D:12     | HP: 23/117 [fire elemental[a deep elf pyromancer] (7)]
  9117 | D:12     | Reached skill level 9 in Transmutations
  9148 | D:12     | Killed a deep elf pyromancer
  9261 | D:12     | Found a staircase to the Orcish Mines.
  9559 | D:11     | Bought the amulet "Feahih" {RegenMP rPois rN+ Will- Int+4}
                  | for 694 gold pieces
  9709 | D:11     | Reached ** piety under Ashenzari
  9880 | D:12     | Noticed a boulder beetle
  9913 | D:11     | Killed a boulder beetle
  9953 | D:11     | Upgraded the game from 0.31-a0-38-g1548c4f2a5 to
                  | 0.31-a0-40-g1d5085d191
  9953 | D:11     | magus.rc [v1.9.6]
  9978 | D:12     | Found a runed translucent door.
  9987 | D:12     | Found a runed translucent door.
 10145 | D:12     | Reached XP level 12. HP: 127/127 MP: 19/19
 10150 | D:12     | Reached skill level 1 in Armour
 10150 | D:12     | Reached skill level 2 in Dodging
 10180 | D:12     | HP: 27/127 [Azrael/damnation (40)]
 10181 | D:12     | HP: 13/127 [Azrael/fireball (16)]
 10184 | D:12     | Killed Azrael
 10860 | Orc:1    | Entered Level 1 of the Orcish Mines
 10909 | D:13     | Noticed a centaur warrior
 10913 | D:13     | Killed a centaur warrior
 10914 | D:13     | Reached skill level 2 in Armour
 10931 | D:13     | Paralysed by an air elemental for 1 turns
 10934 | D:13     | Paralysed by an air elemental for 1 turns
 10939 | D:13     | Paralysed by an air elemental for 1 turns
 10944 | D:13     | Paralysed by an air elemental for 1 turns
 11008 | D:13     | Reached skill level 3 in Dodging
 11065 | D:13     | Found a gate to the Vaults.
 11065 | D:13     | Noticed a vault guard
 11065 | D:13     | Noticed a vault guard
 11065 | D:13     | Noticed a vault guard
 11065 | D:13     | Noticed a vault guard
 11065 | D:13     | Noticed a vault guard
 11069 | D:13     | Noticed a vault guard
 11069 | D:13     | Noticed a vault guard
 11089 | D:13     | Killed a vault guard
 11090 | D:13     | HP: 20/127 [vault guard/+0 great sword (19)]
 11096 | D:13     | HP: 28/127 [vault guard/+0 great sword (11)]
 11102 | D:13     | Killed a vault guard
 11103 | D:13     | Reached skill level 3 in Armour
 11103 | D:13     | Reached skill level 9 in Unarmed Combat
 11103 | D:13     | HP: 14/127 [vault guard/+1 great sword of holy wrath (14)]
 11109 | D:13     | Noticed a vault guard
 11114 | D:13     | HP: 24/127 [vault guard/+1 great sword of holy wrath (5)]
 11114 | D:13     | HP: 4/127 [vault guard/+2 great sword (20)]
 11115 | D:13     | Noticed a centaur warrior
 11119 | D:13     | HP: 30/127 [centaur warrior (5)]
 11124 | D:13     | Killed a centaur warrior
 11378 | D:12     | HP: 27/127 [orc knight/+3 battleaxe (13)]
 11381 | D:12     | HP: 11/127 [orc knight/+3 battleaxe (20)]
 11383 | D:12     | HP: 4/127 [orc knight/+3 battleaxe (11)]
 11446 | D:11     | Reached skill level 4 in Dodging
 11890 | Orc:1    | Reached skill level 4 in Armour
 12100 | Orc:2    | Entered Level 2 of the Orcish Mines
 12100 | Orc:2    | Found a staircase to the Elven Halls.
 12112 | Orc:2    | Acquired 574 gold pieces
 12127 | Orc:2    | Found a flickering gateway to a bazaar.
 12138 | Bazaar   | Entered a bazaar
 12140 | Bazaar   | Found Kyosh's Book Boutique.
 12144 | Bazaar   | Found Boolase's Armour Boutique.
 12144 | Bazaar   | Found Ulorgho's Book Boutique.
 12145 | Bazaar   | Found Coathr Iluh's Book Boutique.
 12178 | Bazaar   | Bought a book of the Earth for 324 gold pieces
 12178 | Bazaar   | You pick up a book of the Earth and begin reading...
 12178 | Bazaar   | You add the spells Leda's Liquefaction, Lee's Rapid
                  | Deconstruction and Statue Form to your library.
 12178 | Bazaar   | Bought a book of Transfigurations for 360 gold pieces
 12178 | Bazaar   | You pick up a book of Transfigurations and begin reading...
 12178 | Bazaar   | You add the spells Irradiate, Blade Hands and Dragon Form
                  | to your library.
 12178 | Bazaar   | Bought Great Wizards, Vol. VII for 270 gold pieces
 12178 | Bazaar   | You add the spells Tukima's Dance, Passage of Golubria and
                  | Yara's Violent Unravelling to your library.
 12200 | Bazaar   | Learned a level 6 spell: Statue Form
 12206 | Bazaar   | Learned a level 5 spell: Irradiate
 12340 | Orc:2    | Identified a +2 robe of the Archmagi
 12380 | Orc:2    | Reached skill level 1 in Earth Magic
 12385 | Orc:2    | Reached skill level 2 in Earth Magic
 12396 | Orc:2    | Reached skill level 3 in Earth Magic
 12529 | Orc:2    | Upgraded the game from 0.31-a0-40-g1d5085d191 to
                  | 0.31-a0-43-g46d131a48f
 12529 | Orc:2    | magus.rc [v1.9.6]
 12542 | Orc:2    | Paralysed by an orc sorcerer for 3 turns
 12553 | Orc:2    | Reached skill level 4 in Earth Magic
 12854 | Orc:2    | Noticed an orc high priest
 12865 | Orc:2    | Killed an orc high priest
 12866 | Orc:2    | Reached skill level 5 in Earth Magic
 13103 | Orc:2    | Found Texiniul's Antique Weapon Shop.
 13103 | Orc:2    | Found Aguju's Distillery.
 13104 | Orc:2    | Found Fyjydor's Weapon Boutique.
 13108 | Orc:2    | Found Yfeploz's Assorted Antiques.
 13423 | D:13     | Killed a vault guard
 13424 | D:13     | Reached XP level 13. HP: 114/135 MP: 20/20
 13549 | D:13     | Reached *** piety under Ashenzari
 13602 | D:13     | Reached skill level 6 in Earth Magic
 13948 | D:13     | Reached skill level 7 in Earth Magic
 14233 | D:14     | Reached skill level 8 in Earth Magic
 14237 | D:14     | Identified the cursed +5 steam dragon scales "Gaze Upon
                  | Infinity" {Melee, Evo} (You took it off Maggie on level 7
                  | of the Dungeon)
 14403 | D:14     | Reached skill level 5 in Dodging
 14563 | D:14     | Found a basalt altar of Yredelemnul.
 15368 | D:15     | Entered Level 15 of the Dungeon
 15911 | D:15     | Reached skill level 9 in Earth Magic
 16016 | D:15     | HP: 2/176 [titanic slime creature (91)]
 16016 | D:15     | Annihilated by a titanic slime creature

Vanquished Creatures
  An orc warlord (Bailey)
  Azrael (D:12)
  7 vault guards (D:13)
  A boulder beetle (D:11)
  5 centaur warriors
  A two-headed ogre (D:10)
  An orc high priest (Orc:2)
  3 orc knights
  4 deep elf pyromancers
  4 orc sorcerers (Orc:2)
  10 ugly things
  3 cyclopes
  Joseph (D:7)
  2 gargoyles
  Maggie (D:7)
  A komodo dragon (D:10)
  A rime drake (D:8)
  2 trolls
  2 polar bears
  A wolf spider simulacrum (D:15)
  Grinder (D:3)
  An air elemental (D:13)
  7 slime creatures
  2 wraiths
  9 yaks
  A wyvern (D:9)
  Grum (D:11)
  3 fire elementals
  3 steam dragons
  6 vampire mosquitoes
  A warg (D:12)
  Edmund (D:5)
  An acid dragon (D:11)
  A water moccasin (D:9)
  3 hell hounds (D:12)
  Duvessa (D:5)
  A swamp drake (D:12)
  27 orc warriors
  11 ice beasts
  6 sky beasts
  2 black bears (D:6)
  5 ogres
  5 wolves
  7 centaurs
  A phantom (D:5)
  4 kobold brigands
  2 bullfrogs
  13 wights
  Dowan (D:5)
  4 killer bees (D:8)
  2 electric eels (D:8)
  6 howler monkeys
  4 jellies
  26 orc priests
  3 hounds
  A sleepcap (D:4)
  Ijyb (D:3)
  2 iguanas
  39 orc wizards
  A gnoll (Bailey)
  8 adders
  11 river rats
  A shadow imp (D:8)
  3 white imps
  3 ufetubi
  3 dart slugs
  3 worms
  57 orcs
  10 ball pythons
  5 bats
  8 endoplasms
  7 giant cockroaches
  13 goblins
  8 hobgoblins
  4 jackals (D:5)
  3 quokkas
  4 frilled lizards
  51 kobolds
  34 rats
504 creatures vanquished.

Vanquished Creatures (others)
  A fire elemental (D:12)
1 creature vanquished.

Grand Total: 505 creatures vanquished

Table legend:
 A = Non-vault XP
 B = Vault XP
 C = Vault XP percentage of total XP
 D = Non-vault monster count
 E = Vault monster count
 F = Vault count percentage of total count
                 A         B        C        D         E       F
            +---------+---------+-------+---------+---------+-------
      Total |   32647 |   21957 |  40.2 |     301 |     203 |  40.3
            +---------+---------+-------+---------+---------+-------
        D:1 |      33 |       6 |  15.4 |      20 |       4 |  16.7
        D:2 |      48 |       3 |   5.9 |      13 |       2 |  13.3
        D:3 |      40 |     303 |  88.3 |      20 |       2 |   9.1
        D:4 |     190 |      25 |  11.6 |      10 |       7 |  41.2
        D:5 |     371 |     362 |  49.4 |      14 |       3 |  17.6
        D:6 |     699 |       0 |   0.0 |      10 |       0 |   0.0
        D:7 |    1172 |     819 |  41.1 |      18 |       2 |  10.0
        D:8 |    1965 |    1659 |  45.8 |      27 |      10 |  27.0
        D:9 |    1643 |       0 |   0.0 |      29 |       0 |   0.0
       D:10 |    2518 |     351 |  12.2 |      32 |       4 |  11.1
       D:11 |    3097 |     539 |  14.8 |       9 |       4 |  30.8
       D:12 |    4763 |    2413 |  33.6 |      31 |      23 |  42.6
       D:13 |    5399 |    6778 |  55.7 |      15 |      12 |  44.4
       D:14 |    4044 |       0 |   0.0 |       8 |       0 |   0.0
       D:15 |    4142 |    1382 |  25.0 |       7 |       9 |  56.2
      Orc:1 |    1891 |     166 |   8.1 |      25 |       2 |   7.4
      Orc:2 |     632 |    4656 |  88.0 |      13 |      40 |  75.5
      Sewer |       0 |     223 | 100.0 |       0 |      55 | 100.0
     Bailey |       0 |    2272 | 100.0 |       0 |      24 | 100.0
            +---------+---------+-------+---------+---------+-------

Skill      XL: |  1  2  3  4  5  6  7  8  9 10 11 12 13 |
---------------+----------------------------------------+-----
Unarmed Combat | 4 5 6 8 9 |  9.5
Spellcasting   | 2 3 4 |  4.7
Transmutations | 2 3 4 6 8 9 |  9.9
Fighting       | 2 5 7 9 |  9.3
Armour         | 4 |  4.1
Dodging        | 4 5 |  5.8
Earth Magic    | 5 9 |  9.2

Action                     |  1- 3 |  4- 6 |  7- 9 | 10-12 | 13-15 || total
---------------------------+-------+-------+-------+-------+-------++-------
  Melee: Unarmed           |   110 |   211 |   270 |   974 |   158 ||  1723
         Punch             |       |     3 |    19 |    67 |    15 ||   104
         Headbutt          |       |       |       |     3 |       ||     3
         Kick              |       |       |       |     2 |       ||     2
   Cast: Wereblood         |       |       |       |    14 |     1 ||    15
         Beastly Appendage |       |       |       |     1 |       ||     1
         Statue Form       |       |       |       |       |     9 ||     9
 Invoke: Curse Item        |       |       |     1 |     2 |     1 ||     4
    Use: Potion            |       |     3 |     2 |    14 |       ||    19
         Scroll            |       |    13 |     7 |     7 |       ||    27
   Stab: Sleeping          |     2 |       |     2 |       |       ||     4
         Invisible         |       |       |     1 |     9 |       ||    10
         Distracted        |       |       |       |     1 |       ||     1
 Armour: Robe              |    43 |    92 |    74 |       |       ||   209
         Skin              |       |     2 |       |       |    33 ||    35
         Steam dragon scal |       |       |    38 |   729 |    43 ||   810
  Dodge: Dodged            |    42 |   102 |   128 |   671 |    62 ||  1005

Illustrated notes

Table legend:
 A = Kills in this place as a percentage of kills in the entire game.
 B = Kills by you in this place as a percentage of kills by you in the entire game.
 C = Kills by friends in this place as a percentage of kills by friends in the entire game.
 D = Other kills in this place as a percentage of other kills in the entire game.
 E = Experience gained in this place as a percentage of experience gained in the entire game.
 F = Experience gained in this place divided by the number of levels of this place that you have seen.
                   A       B       C       D       E      F
               +-------+-------+-------+-------+-------+----------------------
         Total | 100.0 | 100.0 |   N/A |   N/A | 100.0 | 2600.2
       Dungeon |  68.5 |  68.5 |   N/A |   N/A |  82.0 | 2984.3
  Orcish Mines |  15.9 |  15.9 |   N/A |   N/A |  13.5 | 3672.5
         Sewer |  10.9 |  10.9 |   N/A |   N/A |   0.4 | 223.0
        Bailey |   4.8 |   4.8 |   N/A |   N/A |   4.2 | 2272.0
               +-------+-------+-------+-------+-------+----------------------

Table legend: (Time is in decaauts)
 A = Elapsed time spent in this place.
 B = Non-inter-level travel time spent in this place.
 C = Inter-level travel time spent in this place.
 D = Time resting spent in this place.
 E = Time spent auto-exploring this place.
 F = Levels seen in this place.
 G = Mean time per level.
                   A        B        C        D        E       F      G
               +--------+--------+--------+--------+--------+-----+--------+
         Total |  15892 |  15131 |    761 |    787 |  10424 |  21 |  756.8 |
       Dungeon |  13386 |  12727 |    659 |    578 |   9129 |  15 |  892.4 |
        Temple |     39 |     22 |     17 |      0 |      1 |   1 |   39.0 |
  Orcish Mines |   1568 |   1483 |     85 |    209 |    803 |   2 |  784.0 |
        Bazaar |     78 |     78 |      0 |      0 |     25 |   1 |   78.0 |
         Sewer |    474 |    474 |      0 |      0 |    282 |   1 |  474.0 |
        Bailey |    345 |    345 |      0 |      0 |    184 |   1 |  345.0 |
               +--------+--------+--------+--------+--------+-----+--------+

Top non-repeatable levels by time:
    D:12: 1923 daAuts
    D:14: 1212 daAuts
     D:8: 1166 daAuts
    D:13: 1071 daAuts
    D:11: 994 daAuts
     D:7: 947 daAuts
   Orc:2: 812 daAuts
     D:5: 801 daAuts
    D:10: 761 daAuts
   Orc:1: 756 daAuts
    D:15: 741 daAuts
     D:3: 737 daAuts
     D:6: 717 daAuts
     D:4: 666 daAuts
     D:2: 595 daAuts
